Map: Abiogenesis LE

Players

Emmax - Winner!

  • Race: Protoss Protoss
  • League: Silver
  • Spawn Location: 5:00

fruitcake

  • Race: Zerg Zerg
  • Spawn Location: 11:00

VOD

Have the link to the VOD?

Description

Time

  • Played on: May 9, 2018, 3:19 p.m.
  • Length: 22:31
Show
View Real Time Build Order
Export as new Build Order

Emmax Protoss - Winner!

Build Orders:  

Get SALT Encoding   

  1  0:00  Probe  
  12  0:05  Probe  
  14  0:15  Probe  
  15  0:26  Pylon  
  15  0:44  Probe  
  15  0:48  Gateway  
  16  0:56  Forge  
  16  1:00  Probe  
  17  1:09  Probe  
  17  1:11  Assimilator  
  18  1:18  Probe  
  18  1:20  Pylon  
  18  1:25  Assimilator  
  19  1:30  Probe  
  20  1:35  Zealot  
  22  1:42  Probe  
  23  1:49  Cybernetics Core  
  23  1:55  Probe  
  24  2:04  Probe  
  25  2:12  Probe  
  25  2:16  Photon Cannon  
  25  2:18  Warp Gate  
  25  2:19  Pylon  
  25  2:21  Probe  
  27  2:33  Probe  
  28  2:40  Stalker  
  30  2:45  Probe  
  31  2:57  Robotics Facility, Probe  
  32  3:09  Probe  
  32  3:10  Zealot  
  35  3:21  Probe  
  36  3:31  Nexus  
  36  3:33  Probe  
  37  3:41  Gateway, Zealot  
  39  4:05  Pylon  
  39  4:08  Pylon  
  39  4:11  Pylon  
  39  4:19  Probe  
  39  4:23  Immortal  
  44  4:31  Shield Battery, Probe  
  44  4:33  Protoss Shields Level 1  
  45  4:43  Probe  
  46  4:46  Stalker  
  48  4:55  Probe  
  49  5:00  Gateway  
  49  5:02  Pylon  
  49  5:05  Stargate  
  49  5:06  Probe  
  50  5:07  Probe  
  51  5:18  Probe  
  51  5:20  Assimilator  
  52  5:23  Assimilator  
  52  5:31  Photon Cannon  
  52  5:35  Probe x2  
  54  5:37  Photon Cannon  
  54  5:44  Pylon  
  54  5:46  Stalker  
  54  5:47  Stalker  
  59  5:57  Observer  
  59  5:58  Void Ray  
  63  6:05  Probe  
  63  6:06  Probe  
  63  6:10  Photon Cannon  
  65  6:14  Pylon  
  65  6:18  Twilight Council  
  65  6:21  Protoss Ground Weapons Level 1  
  65  6:34  Probe x2  
  67  6:43  Forge  
  67  6:46  Probe x2  
  69  6:48  Cybernetics Core  
  69  6:49  Photon Cannon  
  69  6:54  Photon Cannon, Stalker x2  
  71  6:58  Stalker, Probe  
  76  7:31  Pylon  
  76  7:34  Immortal  
  80  7:39  Pylon  
  80  7:42  Robotics Bay  
  80  7:46  Blink  
  80  7:47  Pylon  
  80  7:48  Stalker  
  80  7:49  Stalker  
  80  7:50  Stalker  
  85  8:01  Void Ray  
  89  8:12  Stargate  
  89  8:13  Fleet Beacon  
  89  8:14  Observer  
  90  8:25  Nexus  
  90  8:36  Stalker x2  
  94  8:49  Pylon  
  94  8:53  Pylon  
  94  8:55  Assimilator  
  94  8:59  Assimilator  
  94  9:11  Carrier  
  94  9:13  Gateway, Probe  
  94  9:14  Gateway  
  94  9:15  Probe  
  102  9:25  Probe  
  102  9:27  Probe  
  104  9:31  Carrier  
  104  9:37  Probe  
  104  9:38  Probe  
  112  9:40  Probe  
  113  9:49  Probe  
  113  9:50  Probe  
  115  10:11  Protoss Air Weapons Level 1  
  115  10:13  Protoss Air Armor Level 1  
  115  10:14  Protoss Shields Level 2  
  115  10:15  Protoss Ground Armor Level 1  
  115  10:22  Stargate  
  115  10:33  Stalker x2  
  115  10:34  Stalker  
  115  10:35  Stalker x2  
  123  10:40  Probe  
  123  10:41  Probe x2  
  128  10:50  Shield Battery  
  128  10:52  Probe  
  128  10:54  Shield Battery  
  128  10:55  Photon Cannon  
  129  10:58  Photon Cannon  
  129  11:00  Photon Cannon  
  129  11:02  Pylon  
  129  11:03  Photon Cannon  
  129  11:08  Photon Cannon  
  129  11:15  Probe x3  
  132  11:30  Nexus  
  132  11:38  Probe x3  
  135  11:43  Pylon  
  135  11:54  Assimilator  
  135  12:00  Assimilator  
  135  12:05  Pylon  
  135  12:07  Pylon, Protoss Ground Weapons Level 2  
  135  12:09  Protoss Air Weapons Level 2  
  135  12:13  Protoss Air Armor Level 2  
  135  12:20  Shield Battery  
  135  12:22  Protoss Ground Armor Level 2  
  135  12:23  Shield Battery  
  135  12:25  Photon Cannon  
  135  12:26  Photon Cannon  
  135  12:28  Extended Thermal Lance  
  135  12:29  Photon Cannon  
  135  12:32  Pylon  
  135  12:33  Colossus  
  135  12:34  Pylon  
  141  12:44  Charge  
  141  12:59  Robotics Facility  
  141  13:20  Stalker x2  
  141  13:21  Stalker  
  141  13:24  Carrier x2  
  141  13:25  Carrier  
  165  13:40  Stargate  
  165  13:42  Stargate  
  165  13:47  Pylon  
  165  13:49  Pylon  
  165  13:51  Mothership  
  165  13:53  Pylon  
  165  14:02  Stalker x2  
  167  14:04  Zealot x2  
  167  14:07  Zealot  
  167  14:09  Observer Gravitic Boosters  
  183  14:23  Protoss Shields Level 3  
  183  14:25  Protoss Air Weapons Level 3  
  183  14:26  Protoss Air Armor Level 3  
  183  14:27  Void Ray  
  183  14:28  Carrier  
  193  14:31  Protoss Ground Weapons Level 3  
  193  15:05  Stalker  
  185  15:07  Stalker x2  
  185  15:09  Stalker x2  
  167  15:15  Carrier  
  165  16:10  Carrier x2  
  165  16:11  Carrier  
  165  16:12  Void Ray  
  187  16:30  Graviton Catapult  
  187  16:55  Carrier  
  184  17:04  Stalker  
  184  17:05  Stalker x2  
  184  17:06  Stalker x2  
  180  17:09  Carrier  
  186  17:25  Nexus  
  186  17:30  Pylon  
  186  17:32  Pylon  
  186  17:35  Pylon  
  178  17:38  Pylon  
  178  17:45  Mothership  
  184  17:56  Stalker  
  184  17:57  Stalker x2  
  184  17:58  Stalker  
  180  18:00  Stalker  
  176  18:19  Tempest  
  170  18:20  Void Ray, Carrier  
  170  18:23  Stalker x2  
  170  18:24  Stalker  
  190  18:40  Carrier  
  196  18:57  Shield Battery  
  196  18:58  Shield Battery  
  196  19:01  Shield Battery  
  196  19:05  Photon Cannon  
  196  19:07  Photon Cannon  
  192  19:33  Void Ray x2  
  184  19:48  Carrier  
  184  19:49  Tempest  
  188  20:01  Stargate  
  188  20:03  Stargate  
  188  20:35  Pylon  
  188  20:37  Pylon  
  188  20:39  Photon Cannon  
  188  20:45  Photon Cannon  
  188  20:50  Assimilator  
  188  20:54  Assimilator  
  188  20:57  Void Ray, Carrier  
  186  22:25  Photon Cannon  
  186  22:26  Photon Cannon  
Show
View Real Time Build Order
Export as new Build Order

fruitcake Zerg 

Build Orders: Pool First 

Get SALT Encoding   

  12  0:01  Drone  
  13  0:12  Drone  
  14  0:16  Overlord  
  14  0:31  Drone, Extractor  
  14  0:35  Drone  
  15  0:46  Drone  
  15  0:47  Drone  
  17  0:53  Spawning Pool  
  17  0:55  Drone  
  17  1:07  Drone  
  18  1:18  Drone  
  19  1:26  Extractor  
  18  1:35  Drone  
  18  1:39  Drone  
  20  1:40  Hatchery  
  19  1:57  Zergling x2  
  19  1:58  Queen  
  22  2:01  Overlord  
  22  2:19  Zergling x2  
  23  2:25  Zergling x2  
  24  2:45  Drone  
  24  2:47  Zergling x2  
  24  2:50  Queen  
  28  2:53  Drone  
  29  2:59  Drone  
  29  3:05  Drone  
  31  3:17  Roach Warren  
  30  3:21  Zergling x4  
  30  3:22  Zergling x2  
  30  3:23  Drone  
  30  3:24  Drone x2  
  36  3:34  Overlord  
  36  3:36  Overlord  
  36  3:42  Evolution Chamber  
  36  3:43  Zergling x2  
  36  3:53  Drone x2  
  38  3:58  Roach  
  38  3:59  Roach  
  42  4:12  Zergling x2  
  42  4:13  Zergling x2  
  42  4:15  Roach x2  
  48  4:18  Zerg Missile Weapons Level 1  
  48  4:20  Drone x2  
  48  4:23  Extractor  
  50  4:31  Drone  
  50  4:32  Drone x2  
  52  4:42  Lair  
  52  4:47  Overlord x2  
  52  4:48  Overlord  
  52  4:59  Extractor  
  51  5:16  Drone x2  
  51  5:17  Roach  
  51  5:18  Roach x2  
  51  5:20  Drone x2  
  61  5:21  Roach  
  61  5:27  Drone  
  64  5:30  Metabolic Boost  
  64  5:33  Drone  
  65  5:44  Hydralisk Den  
  65  5:46  Drone x2  
  65  5:47  Spire  
  65  5:53  Spore Crawler  
  65  5:55  Spore Crawler, Drone x3  
  66  6:00  Spore Crawler  
  66  6:02  Spore Crawler  
  66  6:03  Roach  
  66  6:04  Roach x2  
  70  6:08  Roach  
  72  6:15  Zerg Missile Weapons Level 2  
  72  6:17  Hydralisk  
  74  6:22  Drone  
  75  6:37  Drone  
  75  6:39  Overlord x2  
  76  6:43  Grooved Spines  
  76  6:54  Overlord x2  
  76  6:58  Drone x2  
  78  7:02  Drone x2  
  78  7:03  Drone  
  78  7:06  Corruptor x2  
  78  7:07  Corruptor  
  87  7:23  Drone  
  87  7:24  Drone  
  87  7:27  Hydralisk  
  91  7:36  Infestation Pit, Drone x2  
  92  7:49  Hydralisk  
  92  7:50  Mutalisk, Hydralisk x2  
  92  7:51  Hydralisk x2  
  100  7:53  Zergling x6  
  107  8:01  Overseer  
  107  8:05  Overlord  
  107  8:08  Overlord  
  107  8:12  Overseer  
  107  8:26  Hatchery  
  106  8:30  Corruptor  
  106  8:31  Hydralisk, Corruptor x2  
  114  8:55  Hydralisk, Corruptor, Extractor  
  114  8:56  Corruptor  
  114  8:58  Extractor  
  120  9:18  Hydralisk x2  
  120  9:21  Overlord x2  
  120  9:22  Overlord x2  
  124  9:26  Zerg Ground Armor Level 1  
  124  9:38  Hive  
  122  9:45  Drone x6  
  126  9:46  Drone  
  126  9:47  Drone  
  126  9:48  Drone x4  
  134  10:02  Drone x3  
  134  10:03  Drone  
  138  10:09  Queen  
  140  10:15  Pathogen Glands  
  140  10:16  Infestor x2  
  144  10:28  Spore Crawler  
  143  10:33  Spore Crawler, Drone x2  
  144  10:44  Hydralisk  
  144  10:46  Hydralisk x5  
  144  10:47  Mutalisk, Hydralisk x2  
  162  11:12  Zerg Flyer Weapons Level 1, Ultralisk Cavern  
  162  11:17  Overlord x4  
  161  11:52  Muscular Augments  
  161  11:55  Glial Reconstitution  
  161  11:58  Corruptor x2  
  161  11:59  Infestor  
  167  12:06  Zerg Ground Armor Level 2  
  167  12:13  Infestor x2  
  171  12:16  Zergling x10  
  171  12:17  Zergling x22  
  187  12:43  Hatchery  
  186  12:52  Hatchery  
  185  12:59  Chitinous Plating  
  185  13:02  Ultralisk  
  185  13:05  Overlord x2  
  191  13:06  Overlord  
  191  13:07  Overlord  
  191  13:09  Overlord  
  191  13:22  Drone  
  191  13:23  Drone x2  
  191  13:24  Drone x3  
  197  13:37  Zerg Flyer Weapons Level 2  
  197  13:46  Drone x2  
  197  13:48  Drone  
  200  14:12  Spire  
  200  14:15  Drone  
  200  14:17  Ultralisk Cavern  
  199  14:18  Spore Crawler  
  199  14:19  Drone  
  199  14:20  Spore Crawler  
  199  14:22  Zerg Missile Weapons Level 3  
  198  14:25  Drone x2, Extractor  
  198  14:26  Drone, Extractor  
  198  14:28  Spore Crawler  
  198  14:29  Spore Crawler  
  197  14:35  Drone  
  197  14:36  Drone x2  
  200  14:41  Extractor  
  149  15:21  Corruptor x3  
  142  15:22  Corruptor x14  
  142  15:27  Hydralisk  
  142  15:28  Hydralisk  
  178  15:42  Drone x3  
  179  15:54  Zerg Flyer Armor Level 1, Drone x3  
  179  15:55  Extractor  
  181  16:14  Ultralisk  
  181  16:15  Ultralisk x2  
  199  16:34  Hatchery  
  176  17:08  Hydralisk x2  
  176  17:09  Hydralisk x9  
  176  17:10  Hydralisk  
  192  17:42  Ultralisk x2  
  178  17:53  Ultralisk x4  
  200  18:04  Hydralisk  
  200  18:05  Hydralisk x6  
  190  18:06  Hydralisk x2  
  200  18:15  Corruptor x5  
  200  18:16  Overlord  
  200  18:18  Corruptor, Hydralisk  
  200  18:19  Corruptor, Overlord  
  200  18:20  Hydralisk  
  170  18:29  Hydralisk  
  170  18:30  Corruptor, Hydralisk  
  170  18:32  Hydralisk  
  178  18:35  Drone x2  
  178  18:41  Infestor  
  182  18:50  Drone x2  
  182  18:52  Drone x2  
  182  18:53  Drone  
  187  19:04  Corruptor x2  
  187  19:07  Corruptor  
  187  19:08  Extractor  
  190  19:17  Hydralisk x2  
  190  19:18  Hydralisk  
  180  19:41  Hydralisk x4  
  180  19:42  Hydralisk  
  144  19:47  Hydralisk  
  96  19:59  Drone  
  91  20:02  Drone  
  92  20:17  Drone  
  92  20:18  Drone  
  94  20:31  Corruptor  
  94  20:32  Hydralisk x2, Corruptor  
  102  20:57  Hydralisk  
  102  20:59  Corruptor, Hydralisk x2  
  102  21:00  Corruptor, Hydralisk  
  102  21:02  Infestor  
  109  21:20  Infestor x3  
  102  21:49  Corruptor x4  
Tags
 
Add a new tag
Caveats
  • Supply blocks, unpowered buildings, or Contaminate may cause inaccurate times.
  • Supply counts are checked every 10 seconds.